 Dungeon Crawl Stone Soup version 0.26-a0-712-ga5a9c9c9d0 (webtiles) character file.

Game seed: 2267153644934007984

94 ANON1729 the Vexing (level 4, -1/39 HPs)
             Began as a Deep Dwarf Wanderer on Oct 31, 2020.
             Killed by divine providence
             ... invoked by an orc priest
              (14 damage)
             ... on level 3 of the Dungeon.
             The game lasted 00:03:45 (1808 turns).

ANON1729 the Vexing (Deep Dwarf Wanderer)           Turns: 1808, Time: 00:03:46

Health: -1/39      AC:  7    Str: 13    XL:     4   Next: 38%
Magic:  4/4        EV:  9    Int: 17    God:
Gold:   154        SH:  0    Dex: 11    Spells: 3/3 levels left

rFire    + . .     SeeInvis +   a - +2 falchion
rCold    . . .     Faith    .   (no shield)
rNeg     . . .     Spirit   .   s - +0 scale mail {rF+}
rPois    .         Reflect  .   (no helmet)
rElec    .         Harm     .   (no cloak)
rCorr    .         Rampage  .   j - +0 pair of gloves
MR       .....                  (no boots)
Stlth    +.........             f - amulet of magic regeneration
HPRegen  0.00/turn              d - ring of see invisible
MPRegen  0.34/turn              (no ring)

@: non-regenerating
A: damage resistance, heal wounds, sense surroundings 1, no regeneration
a: Heal Wounds


You were on level 3 of the Dungeon.
You visited 1 branch of the dungeon, and saw 3 of its levels.

You collected 154 gold pieces.

Inventory:

Hand Weapons
 a - a +2 falchion (weapon)
Armour
 c - a +0 robe
 i - a +0 ring mail
 j - a +0 pair of gloves (worn)
 k - a +0 scale mail
 s - a +0 scale mail of fire resistance (worn)
Jewellery
 d - a ring of see invisible (left hand)
 f - an amulet of magic regeneration (around neck)
Wands
 r - a wand of random effects (16)
Scrolls
 g - 2 scrolls of teleportation {unknown}
 h - a scroll of fear {unknown}
 p - 3 scrolls of identify {unknown}
 q - a scroll of remove curse {unknown}
 u - a scroll of enchant weapon {unknown}
Potions
 b - a potion of lignification
 e - 2 potions of mutation {unknown}
 l - 2 potions of heal wounds {unknown}
 m - 3 potions of might {unknown}
 n - 3 potions of flight {unknown}
 o - 5 potions of curing {unknown}
 t - a potion of degeneration {unknown}


   Skills:
 + Level 2.0 Fighting
 - Level 2.2 Long Blades
 + Level 2.3 Dodging
 + Level 2.9 Stealth
   Level 1.1 Shields
 + Level 0.0 Unarmed Combat
   Level 4.1 Hexes


You had 3 spell levels left.
You didn't know any spells.
Your spell library was empty.

Dungeon Overview and Level Annotations

Branches:
Dungeon (3/15)

Altars:

Annotations:
D:3 Terence


Innate Abilities, Weirdness & Mutations

You are resistant to damage.
You can heal yourself by infusing magical energy.
You passively map a small area around you.
You do not regenerate.


Message History

The orc priest hits you with a +0 hand axe.
There is an escape hatch in the floor here.
Things that are here:
a +0 hand axe; a +0 leather armour You hit the orc priest.
The orc priest is moderately wounded.
The orc priest hits you with a +0 hand axe.
You hit the orc priest.
The orc priest is moderately wounded.
The orc priest barely misses you.
You riposte.
Your scale mail prevents you from hitting the orc priest.
The orc priest is moderately wounded.
You barely miss the orc priest.
The orc priest is moderately wounded.
The orc priest closely misses you.
You riposte.
You hit the orc priest.
The orc priest is moderately wounded.
Terence the Incautious comes into view.
He is wielding a +0 mace.
The orc priest invokes the aid of Beogh against you.
Beogh smites you!
You die...

, * * , ... *##. * , ..
#.. # , ,, , ..*#.# * .#*
* , .##.####.)# * # ,
>.....#..# ##### #.
#........## #.... ##
#@o##.....[...!,#.### .#
#.oo@........# #.#..
.###### ##.####.#.####
#.#.#
......########......# *
#.#.#
#####.##.....######.##
#.... #.##.###.# #...#
###.# #.##.###.# #...# #.#
#......#.# #...# #####.#
####.#.#.# #...# #...... ,
#.#.#.#####...######.#.###


You could see Terence, 2 orc priests and an orc.

Vanquished Creatures
  Ijyb (D:3)
  An adder (D:2)
  4 dart slugs
  2 leopard geckos (D:1)
  2 orcs (D:3)
  2 bats
  A giant cockroach (D:2)
  6 goblins
  4 hobgoblins
  4 jackals (D:2)
  A quokka (D:2)
  4 frilled lizards
  6 kobolds
  8 rats
46 creatures vanquished.

Notes
Turn   | Place    | Note
-------+----------+-------------------------------------------
     0 | D:1      | ANON1729 the Deep Dwarf Wanderer began the quest for the
                  | Orb.
     0 | D:1      | ANON1729 set off with the following items: a +2 falchion, a
                  | potion of lignification, a +0 robe
     0 | D:1      | Reached XP level 1. HP: 18/18 MP: 1/1
   237 | D:1      | Reached XP level 2. HP: 25/25 MP: 2/2
   779 | D:2      | Reached XP level 3. HP: 21/31 MP: 3/3
  1491 | D:3      | Noticed Ijyb
  1510 | D:3      | Killed Ijyb
  1510 | D:3      | Reached XP level 4. HP: 20/39 MP: 4/4
  1808 | D:3      | Noticed Terence
  1808 | D:3      | Killed from afar by an orc priest

Illustrated notes

Levels and vault maps discovered:
D:1:      dpeg_arrival_boxorama, layout_basic
D:2:      layout_basic
D:3:      layout_loops_cross, lemuel_coloured_pillars_altar,
          chequers_serial_rivers_room_b, uniq_ijyb, uniq_terence

Skill      XL: |  1  2  3 |
---------------+----------+-----
Stealth        | 2 |  2.9
Dodging        | 2 |  2.3
Long Blades    | 2 |  2.2
Fighting       | 2 |  2.0
Shields        | |  1.1
Hexes          | |  4.1

Action                   |  1- 3 |  4- 6 || total
-------------------------+-------+-------++-------
Melee: Falchion          |   119 |    18 ||   137
 Abil: Heal Wounds       |     1 |       ||     1
 Stab: Sleeping          |     3 |       ||     3
Armor: Robe              |     3 |       ||     3
       Scale mail        |    54 |     5 ||    59
Dodge: Dodged            |    69 |     2 ||    71
       Rpst.: Falchion   |    24 |     2 ||    26

Table legend: (Time is in decaauts)
 A = Elapsed time spent in this place.
 B = Non-inter-level travel time spent in this place.
 C = Inter-level travel time spent in this place.
 D = Time resting spent in this place.
 E = Time spent auto-exploring this place.
 F = Levels seen in this place.
 G = Mean time per level.
                   A        B        C        D        E       F      G
               +--------+--------+--------+--------+--------+-----+--------+
         Total |   1836 |   1736 |    100 |      6 |   1324 |   3 |  612.0 |
       Dungeon |   1836 |   1736 |    100 |      6 |   1324 |   3 |  612.0 |
               +--------+--------+--------+--------+--------+-----+--------+

Top non-repeatable levels by time:
     D:1: 785 daAuts
     D:2: 701 daAuts
     D:3: 348 daAuts
